 Dungeon Crawl Stone Soup version 0.30.0-20-g3615ddf2f0 (webtiles) character file.

Game seed: 7913316913682883322

62891 qw the Severer (level 15, -5/96 HPs)
             Began as a Gargoyle Fighter on May 31, 2023.
             Was an Elder of Okawaru.
             Slain by an enormous slime creature (38 damage)
             ... on level 13 of the Dungeon.
             The game lasted 00:09:03 (19171 turns).

qw the Severer (Gargoyle Fighter)                  Turns: 19171, Time: 00:09:04

Health: -5/96      AC: 35    Str: 26    XL:     15   Next: 7%
Magic:  22/22      EV: 14    Int: 10    God:    Okawaru [****..]
Gold:   823        SH: 18    Dex:  9    Spells: 14/14 levels left

rFire   + + .        Y - +1 broad axe (heavy)
rCold   + . .        o - +0 kite shield
rNeg    + . .        x - +0 plate armour
rPois   inf          p - +0 helmet {SInv}
rElec   +            w - scarf {rC+ rF+}
rCorr   .            y - +2 pair of gloves
SInv    +            g - +0 pair of boots
Will    +....        q - amulet of reflection Stlth
                     C - ring of protection from fire
HPRegen 0.36/turn    c - +5 ring of evasion
MPRegen 0.18/turn

%: reflection
@: heroic, flying
A: sickness immunity, AC +11, big wings, negative energy resistance 1,
electricity resistance, torment resistance 1, petrification resistance
a: Renounce Religion, Heroism, Finesse


You were on level 13 of the Dungeon.
You worshipped Okawaru.
Okawaru was greatly pleased with you.
You visited 3 branches of the dungeon, and saw 19 of its levels.

You collected 1199 gold pieces.
You spent 376 gold pieces at shops.


Innate Abilities, Weirdness & Mutations

You are immune to sickness and miasma.
Your stone body is resilient. (AC +11)
You are immune to poison.
Your large and strong wings let you fly.
You resist negative energy. (rN+)
You are resistant to electric shocks. (rElec)
You are resistant to unholy torment.
You are immune to petrification.


   Skills:
 - Level 12.1(17.1) Fighting
 + Level 15.0(20.0) Axes
 - Level 5.0(10.0) Throwing
 - Level 11.0(16.0) Armour
 - Level 2.0(7.0) Dodging
 - Level 12.1(17.1) Shields
 - Level 10.0 Invocations


You had 14 spell levels left.
You didn't know any spells.
Your spell library was empty.

Inventory:

Hand Weapons
 H - a +3 hand axe of flaming
 Y - a +1 heavy broad axe (weapon)
Missiles
 r - a boomerang
 u - 7 javelins (quivered)
 D - 2 silver boomerangs
Armour
 a - a +0 cloak
 g - a +0 pair of boots (worn)
 l - +0 acid dragon scales
 o - a +0 kite shield (worn)
 p - a +0 helmet of see invisible (worn)
 v - a +1 helmet
 w - a scarf of resistance (worn)
 x - a +0 plate armour (worn)
 y - a +2 pair of gloves (worn)
 E - the +1 robe of the Tired Hosts {rC++ rCorr Dex+3 SInv}
   (You found it on level 11 of the Dungeon)

   Dex:       It affects your dexterity (+3).
   rC:        It greatly protects you from cold.
   SInv:      It lets you see invisible.
   rCorr:     It protects you from acid and corrosion.
Jewellery
 c - a +5 ring of evasion (right hand)
 h - a ring of protection from fire
 k - a ring of resist corrosion
 q - an amulet of reflection (around neck)
 t - a ring of ice
 C - a ring of protection from fire (left hand)
Wands
 s - a wand of digging (3)
Scrolls
 e - 7 scrolls of identify
Potions
 b - 4 potions of lignification
 d - 5 potions of might
 f - 8 potions of curing
 i - 4 potions of attraction
 j - 2 potions of mutation
 n - a potion of magic
 z - 5 potions of heal wounds
 A - 2 potions of resistance
 B - a potion of haste

Dungeon Overview and Level Annotations

Branches:
Dungeon (13/15)            Temple (1/1) D:5            Lair (5/5) D:8
 Shoals (0/4) Lair:3       Spider (0/4) Lair:2        Slime (0/5) Lair:5
    Orc (0/2) D:12
 Vaults: D:13-14

Altars:
Ashenzari
Cheibriados
Dithmenos
Elyvilon
Fedhas
Gozag
Hepliaklqana
Kikubaaqudgha
Makhleb
Nemelex Xobeh
Okawaru
Qazlal
Ru
Sif Muna
Trog
Uskayaw
Vehumet
Wu Jian
Xom
Yredelemnul
Zin
The Shining One
Jiyva
Lugonu

Shops:
D:3 (   D:4 [   D:7 !   D:8 ((*

Portals:
Abyss: Lair:2 Lair:5
Trove: D:12 (give +7 demon trident)

Annotations:
D:6 2 transporters
D:11 1 runed translucent door, qw's ghost, journeyman GrFi
Lair:1 3 runed translucent doors, Bukhlaj's ghost, journeyman HOFi; qw's ghost, journeyman GrFi


Message History

A slime creature comes into view.
You slash the large slime creature!
The large slime creature is heavily wounded.
You slice the slime creature!!
The large slime creature hits you but does no damage.
The slime creature hits you but does no damage.
You slash the slime creature!
The slime creature is almost dead.
You barely miss the large slime creature.
You block the large slime creature's attack.
Two slime creatures merge to form a very large slime creature.
The slime creature misses you.
You slice the slime creature!!
You kill the slime creature!
Okawaru accepts your kill.
You slice the very large slime creature!!
You slice the very large slime creature!!
The very large slime creature is heavily wounded.
You hear a bark!
Two slime creatures merge to form an enormous slime creature.
You slice the enormous slime creature!!
The enormous slime creature is heavily wounded.
A wyvern comes into view.
You hit the enormous slime creature but do no damage.
The enormous slime creature is heavily wounded.
A hell hound comes into view.
You hit the enormous slime creature.
The enormous slime creature is heavily wounded.
You hit the wyvern but do no damage. The enormous slime creature hits you!!!
Ouch! That really hurt!
The wyvern closely misses you.
You hear a bark!
You chop the enormous slime creature into pieces!!!
The enormous slime creature is severely wounded.
You slice the wyvern!!
You hear a bark!
The wyvern bites you but does no damage.
The enormous slime creature hits you!!!
You die... ##.!........# ##..########## #..## #.## ##<# ##..# . ##..## # JhJ

##..## ..#
k....##@...#
#..
#...Jl...# #
#(..h....# #
###....###
#.[#.#
#..#..
#..#### ##.
..


You could see an enormous slime creature, a hell hound and a wyvern.

Vanquished Creatures
  Rupert (Lair:4)
  Kirke (D:13)
  Josephine (Lair:4)
  3 hydras
  4 boulder beetles
  A catoblepas (Lair:2)
  A two-headed ogre (D:11)
  Urug (D:11)
  4 thrashing horrors (Lair:5)
  15 death yaks
  Sonja (D:13)
  2 skysharks (Lair:4)
  Pikel (D:7)
  A large abomination (Lair:5)
  An ugly thing (Lair:5)
  2 manticores
  An oklob plant (Lair:5)
  8 elephants
  3 black mambas
  2 smoke demons (Lair:5)
  2 gargoyles
  3 rime drakes
  An unseen horror (D:10)
  10 cane toads
  4 molten gargoyles (D:12)
  2 ancient zymes (Lair:5)
  A guardian mummy (D:12)
  5 komodo dragons
  4 polar bears
  3 meliai (D:13)
  Grinder (D:5)
  A troll (D:11)
  A polar bear (shapeshifter) (Lair:5)
  20 blink frogs (Lair:5)
  Prince Ribbit (D:9)
  4 dream sheep (Lair:5)
  6 slime creatures
  2 culicivoras (Lair:2)
  A spriggan (Lair:5)
  5 wyverns
  2 vampires
  A water elemental (D:11)
  Sigmund (D:6)
  8 wraiths
  3 shadows
  2 ynoxinuls (Lair:5)
  A human (D:13)
  7 vampire mosquitoes
  40 yaks
  4 basilisks
  6 hogs (D:13)
  Grum (D:9)
  2 redbacks (Lair:2)
  2 chaos spawn (Lair:5)
  A steam dragon (D:4)
  Menkaure (D:7)
  An acid dragon (D:12)
  10 water moccasins
  2 wargs (D:12)
  4 orc warriors
  12 small abominations (Lair:5)
  An ice beast (D:6)
  A sky beast (D:6)
  A black bear (D:5)
  4 wolves (D:9)
  5 centaurs
  An ogre (D:5)
  A lemure (D:7)
  A kobold brigand (D:7)
  Blork the orc (D:4)
  11 bullfrogs
  4 scorpions
  12 killer bees
  5 electric eels
  3 gnoll boudas
  5 hounds
  4 jellies
  4 orc priests
  Ijyb (D:5)
  5 hell rats (Lair:1)
  5 iguanas
  13 orc wizards
  21 gnolls
  8 adders
  A shadow imp (D:7)
  2 white imps
  2 worms
  4 dart slugs
  42 orcs
  2 bats
  4 endoplasms
  2 giant cockroaches
  8 goblins
  4 hobgoblins
  9 jackals
  4 quokkas
  4 ball pythons
  3 frilled lizards
  9 kobolds
  3 rats
  A spectral kobold (D:3)
  A butterfly (Lair:3)
  2 lurking horrors (Lair:2)
466 creatures vanquished.

Vanquished Creatures (others)
  A blink frog (Lair:5)
1 creature vanquished.

Grand Total: 467 creatures vanquished

Notes
Turn   | Place    | Note
-------+----------+-------------------------------------------
     0 | D:1      | qw the Gargoyle Fighter began the quest for the Orb.
     0 | D:1      | Reached XP level 1. HP: 14/14 MP: 1/1
     0 | D:1      | 0 ||| qw: Version: 0.2-a-102-gfc559e5
     0 | D:1      | 0 ||| qw: Game counter: 581
     0 | D:1      | 0 ||| qw: Always use a shield: true
     0 | D:1      | 0 ||| qw: God list: Okawaru
     0 | D:1      | 0 ||| qw: Allow faded altars: false
     0 | D:1      | 0 ||| qw: Do Orc after D:15 true
     0 | D:1      | 0 ||| qw: Do second Lair branch before Depths: true
     0 | D:1      | 0 ||| qw: Lair rune preference: random
     0 | D:1      | 0 ||| qw: Plans: Normal, Zot:1-4, Slime:5, God:TSO, Crypt,
                  | Tomb, Pan, Hells, Abyss, Win
     0 | D:1      | 0 ||| PLANNING D:1-11
    53 | D:1      | Reached skill level 2 in Axes
   124 | D:1      | 124 ||| Stepping ~*~*~tactically~*~*~ (stealth).
   214 | D:1      | Reached XP level 2. HP: 19/19 MP: 2/2
   370 | D:1      | 370 ||| Stepping ~*~*~tactically~*~*~ (hiding).
   676 | D:1      | 676 ||| UPGRADING to ring of resist corrosion.
   677 | D:1      | 677 ||| READING scroll labelled GOAM XIABO.
   678 | D:1      | 678 ||| READING scroll labelled DYTOZX LACREEMYTI.
   679 | D:1      | 679 ||| READING scroll labelled CUIZEN OQIZ.
   680 | D:1      | 680 ||| DRINKING 3 metallic golden potions.
   706 | D:2      | Reached skill level 3 in Axes
   706 | D:2      | Reached XP level 3. HP: 22/23 MP: 3/3
   709 | D:2      | 709 ||| STAIRDANCE
   748 | D:1      | 748 ||| DROPPING +0 whip.
   755 | D:2      | Reached XP level 4. HP: 27/28 MP: 4/4
   762 | D:2      | Reached skill level 4 in Axes
  1061 | D:2      | Found a shimmering altar of Xom.
  1188 | D:2      | 1188 ||| Stepping ~*~*~tactically~*~*~ (hiding).
  1252 | D:2      | 1252 ||| Stepping ~*~*~tactically~*~*~ (stealth).
  1253 | D:2      | 1253 ||| Stepping ~*~*~tactically~*~*~ (stealth).
  1416 | D:2      | 1416 ||| UPGRADING to amulet of guardian spirit.
  1421 | D:2      | 1421 ||| READING scroll labelled BAEQIS JIX.
  1473 | D:3      | 1473 ||| Stepping ~*~*~tactically~*~*~ (stealth).
  1502 | D:3      | 1502 ||| Stepping ~*~*~tactically~*~*~ (stealth).
  1550 | D:3      | Reached XP level 5. HP: 32/32 MP: 3/5
  1598 | D:3      | 1598 ||| Stepping ~*~*~tactically~*~*~ (hiding).
  1851 | D:3      | Found Oluogias's Antique Weapon Emporium.
  1854 | D:3      | 1854 ||| SHOPLISTING runed war axe (182 gold, have 144).
  1956 | D:3      | 1956 ||| DROPPING +0 flail.
  2001 | D:3      | Reached skill level 5 in Axes
  2148 | D:3      | Reached XP level 6. HP: 31/39 MP: 2/6
  2303 | D:3      | Found a faded altar of an unknown god.
  2512 | D:3      | Reached skill level 1 in Dodging
  2612 | D:3      | 2612 ||| UPGRADING to +0 cloak.
  2617 | D:3      | 2617 ||| UPGRADING to +0 kite shield.
  2627 | D:3      | 2627 ||| DROPPING +0 buckler.
  2628 | D:3      | 2628 ||| UPGRADING to amulet of reflection.
  2638 | D:3      | 2638 ||| DROPPING amulet of guardian spirit.
  2639 | D:3      | 2639 ||| DROPPING ring of flight.
  2640 | D:3      | 2640 ||| READING scroll labelled ECAFONWIQUH.
  2766 | D:4      | Reached XP level 7. HP: 34/44 MP: 7/7
  2900 | D:4      | Found Qopec's Armour Emporium.
  2919 | D:4      | 2919 ||| BUYING +0 chain mail (63 gold).
  2919 | D:4      | Bought a +0 chain mail for 63 gold pieces
  2919 | D:4      | 2919 ||| BUYING +0 helmet of see invisible (161 gold).
  2919 | D:4      | Bought a +0 helmet of see invisible for 161 gold pieces
  2919 | D:4      | 2919 ||| SHOPLISTING +1 helmet of see invisible (231 gold,
                  | have 8).
  2919 | D:4      | 2919 ||| SHOPLISTING -1 helmet of Servitude {Dex+4} (208
                  | gold, have 8).
  3077 | D:4      | Noticed Blork the orc
  3087 | D:4      | Killed Blork the orc
  3275 | D:4      | Noticed a steam dragon
  3276 | D:4      | 3276 ||| Stepping ~*~*~tactically~*~*~ (hiding).
  3282 | D:4      | Killed a steam dragon
  3283 | D:4      | Reached skill level 6 in Axes
  3702 | D:4      | 3702 ||| UPGRADING to +0 chain mail.
  3712 | D:4      | 3712 ||| DROPPING +0 scale mail.
  3713 | D:4      | 3713 ||| UPGRADING to +0 helmet of see invisible.
  3718 | D:4      | 3718 ||| UPGRADING to scarf of resistance.
  3728 | D:4      | 3728 ||| UPGRADING to +0 pair of gloves.
  3733 | D:4      | 3733 ||| READING scroll labelled ACYDWU LEAMA.
  3734 | D:4      | 3734 ||| READING scroll labelled JYEMESH FUNT.
  3735 | D:4      | 3735 ||| DRINKING 2 bubbling purple potions.
  3736 | D:4      | 3736 ||| DROPPING potion of degeneration.
  3771 | D:5      | Entered Level 5 of the Dungeon
  3857 | D:5      | Noticed Grinder
  3858 | D:5      | 3858 ||| Stepping ~*~*~tactically~*~*~ (hiding).
  3861 | D:5      | Reached skill level 6 in Shields
  3861 | D:5      | Reached XP level 8. HP: 48/48 MP: 8/8
  3863 | D:5      | Killed Grinder
  3900 | D:5      | Found a staircase to the Ecumenical Temple.
  3901 | D:5      | 3901 ||| PLANNING TEMPLE
  3901 | D:5      | 3901 ||| DRINKING 2 sapphire potions.
  3905 | D:5      | Reached skill level 7 in Axes
  3912 | Temple   | Entered the Ecumenical Temple
  4038 | Temple   | 4038 ||| PLANNING OKAWARU WORSHIP
  4290 | Temple   | Became a worshipper of Warmaster Okawaru
  4290 | Temple   | 4290 ||| PLANNING D:1-11
  4385 | D:5      | Noticed Ijyb
  4392 | D:5      | Killed Ijyb
  4853 | D:5      | 4853 ||| UPGRADING to +0 pair of boots.
  4858 | D:5      | 4858 ||| UPGRADING to +0 plate armour.
  4868 | D:5      | 4868 ||| DROPPING +0 chain mail.
  4869 | D:5      | 4869 ||| READING scroll labelled BOIGHOS FU PAA.
  4870 | D:5      | 4870 ||| READING scroll labelled NOOKLO ICZIAS.
  4871 | D:5      | 4871 ||| DRINKING 2 golden potions.
  4872 | D:5      | 4872 ||| DROPPING potion of invisibility.
  4929 | D:6      | Noticed a gargoyle
  4930 | D:6      | Found a glowing silver altar of Zin.
  4931 | D:6      | Noticed a yak
  4934 | D:6      | Found a transporter.
  5057 | D:6      | Identified the +1 robe of Polytheism {rC+}
  5074 | D:6      | Reached * piety under Okawaru
  5079 | D:6      | Noticed Sigmund
  5081 | D:6      | 5081 ||| INVOKING Heroism.
  5086 | D:6      | Killed Sigmund
  5087 | D:6      | Reached XP level 9. HP: 54/54 MP: 6/9
  5096 | D:6      | Reached skill level 1 in Invocations
  5160 | D:6      | 5160 ||| Stepping ~*~*~tactically~*~*~ (stealth).
  5213 | D:6      | 5213 ||| Stepping ~*~*~tactically~*~*~ (hiding).
  5215 | D:6      | 5215 ||| Stepping ~*~*~tactically~*~*~ (hiding).
  5365 | D:6      | 5365 ||| INVOKING Heroism.
  5438 | D:6      | Found a transporter.
  5645 | D:6      | 5645 ||| READING scroll labelled CINOGIE IFFYFEINTI.
  5646 | D:6      | 5646 ||| READING scroll labelled ACKILE YLLA.
  5651 | D:6      | 5651 ||| DRINKING 3 purple potions.
  5652 | D:6      | 5652 ||| READING 2 scrolls of identify.
  5652 | D:6      | 5652 ||| IDENTIFYING fizzy yellow potion
  5669 | D:7      | 5669 ||| READING scroll of enchant weapon.
  5669 | D:7      | 5669 ||| ENCHANTING +1 heavy war axe.
  5710 | D:7      | 5710 ||| Stepping ~*~*~tactically~*~*~ (hiding).
  5711 | D:7      | 5711 ||| Stepping ~*~*~tactically~*~*~ (hiding).
  5712 | D:7      | 5712 ||| Stepping ~*~*~tactically~*~*~ (hiding).
  5723 | D:7      | Reached skill level 3 in Invocations
  5740 | D:7      | Found Xameikum's Distillery.
  5748 | D:7      | 5748 ||| Stepping ~*~*~tactically~*~*~ (stealth).
  5751 | D:7      | 5751 ||| BUYING potion of attraction (33 gold).
  5751 | D:7      | Bought a potion of attraction for 33 gold pieces
  5751 | D:7      | 5751 ||| BUYING potion of curing (33 gold).
  5751 | D:7      | Bought a potion of curing for 33 gold pieces
  5751 | D:7      | 5751 ||| BUYING potion of curing (33 gold).
  5751 | D:7      | Bought a potion of curing for 33 gold pieces
  5751 | D:7      | 5751 ||| BUYING potion of curing (33 gold).
  5751 | D:7      | Bought a potion of curing for 33 gold pieces
  5751 | D:7      | 5751 ||| SHOPLISTING potion of haste (110 gold, have 30).
  5751 | D:7      | 5751 ||| SHOPLISTING potion of resistance (110 gold, have
                  | 30).
  6005 | D:7      | Noticed Pikel
  6009 | D:7      | 6009 ||| INVOKING Heroism.
  6022 | D:7      | Killed Pikel
  6023 | D:7      | Reached skill level 8 in Axes
  6182 | D:7      | 6182 ||| Stepping ~*~*~tactically~*~*~ (stealth).
  6199 | D:7      | 6199 ||| INVOKING Heroism.
  6202 | D:7      | Reached skill level 6 in Fighting
  6284 | D:7      | Noticed Menkaure
  6285 | D:7      | 6285 ||| FLEEEEING.
  6287 | D:7      | 6287 ||| FLEEEEING.
  6289 | D:7      | 6289 ||| STAIRDANCE
  6321 | D:6      | 6321 ||| READING 2 scrolls of identify.
  6321 | D:6      | 6321 ||| IDENTIFYING bubbling black potion
  6322 | D:6      | 6322 ||| DROPPING potion of berserk rage.
  6325 | D:7      | 6325 ||| INVOKING Heroism.
  6329 | D:7      | Killed Menkaure
  6379 | D:8      | Found a staircase to the Lair.
  6380 | D:8      | Noticed a komodo dragon
  6388 | D:8      | 6388 ||| INVOKING Heroism.
  6396 | D:8      | Killed a komodo dragon
  6397 | D:8      | Reached XP level 10. HP: 51/60 MP: 11/13
  6447 | D:8      | 6447 ||| Stepping ~*~*~tactically~*~*~ (hiding).
  6450 | D:8      | 6450 ||| INVOKING Heroism.
  6622 | D:8      | 6622 ||| INVOKING Heroism.
  6707 | D:8      | Found Cubom's General Store.
  6716 | D:8      | 6716 ||| SHOPLISTING +0 eveningstar of draining (290 gold,
                  | have 133).
  6716 | D:8      | 6716 ||| BUYING scroll of identify (20 gold).
  6716 | D:8      | Bought a scroll of identify for 20 gold pieces
  6720 | D:8      | 6720 ||| Stepping ~*~*~tactically~*~*~ (hiding).
  6725 | D:8      | Reached skill level 6 in Armour
  6838 | D:8      | Found Nox Josmif's Antique Weapon Shoppe.
  6843 | D:8      | 6843 ||| SHOPLISTING runed war axe (162 gold, have 147).
  6843 | D:8      | 6843 ||| SHOPLISTING scorched flail (212 gold, have 147).
  7097 | D:8      | Found Patryw's Antique Weapon Shoppe.
  7293 | D:8      | 7293 ||| PLANNING LAIR
  7293 | D:8      | 7293 ||| READING scroll labelled JEGYUR JIHY.
  7294 | D:8      | 7294 ||| READING 2 scrolls of identify.
  7294 | D:8      | 7294 ||| IDENTIFYING bubbling clear potion
  7343 | Lair:1   | Entered Level 1 of the Lair of Beasts
  7343 | Lair:1   | Noticed a cane toad
  7344 | Lair:1   | 7344 ||| INVOKING Heroism.
  7350 | Lair:1   | Killed a cane toad
  7380 | Lair:1   | Reached ** piety under Okawaru
  7381 | Lair:1   | Reached skill level 9 in Axes
  7382 | Lair:1   | 7382 ||| INVOKING Heroism.
  7422 | Lair:1   | Noticed a cane toad
  7423 | Lair:1   | 7423 ||| INVOKING Heroism.
  7432 | Lair:1   | Killed a cane toad
  7460 | Lair:1   | Noticed a death yak
  7460 | Lair:1   | Noticed a death yak
  7460 | Lair:1   | Noticed a death yak
  7460 | Lair:1   | Noticed a death yak
  7461 | Lair:1   | 7461 ||| INVOKING Heroism.
  7461 | Lair:1   | Noticed a death yak
  7471 | Lair:1   | Killed a death yak
  7474 | Lair:1   | Killed a death yak
  7474 | Lair:1   | Reached *** piety under Okawaru
  7474 | Lair:1   | Killed a death yak
  7475 | Lair:1   | Reached XP level 11. HP: 45/68 MP: 14/14
  7475 | Lair:1   | 7475 ||| INVOKING Heroism.
  7476 | Lair:1   | Killed a death yak
  7477 | Lair:1   | HP: 13/68 [death yak (6)]
  7478 | Lair:1   | 7478 ||| READING scroll of teleportation.
  7479 | Lair:1   | HP: 4/68 [death yak (3)]
  7535 | Lair:1   | 7535 ||| INVOKING Heroism.
  7541 | Lair:1   | HP: 17/68 [polar bear (6)]
  7546 | Lair:1   | HP: 8/68 [polar bear (9)]
  7746 | Lair:1   | 7746 ||| Stepping ~*~*~tactically~*~*~ (stealth).
  7747 | Lair:1   | 7747 ||| Stepping ~*~*~tactically~*~*~ (stealth).
  7749 | Lair:1   | 7749 ||| Stepping ~*~*~tactically~*~*~ (stealth).
  7758 | Lair:1   | 7758 ||| INVOKING Heroism.
  7761 | Lair:1   | Reached skill level 10 in Axes
  7762 | Lair:1   | HP: 7/68 [wyvern (12)]
  7975 | Lair:1   | Identified the +1 leather armour of Mezcal {Contam rElec
                  | rC++ Dex+3}
  7978 | Lair:1   | 7978 ||| INVOKING Heroism.
  7987 | Lair:1   | Reached **** piety under Okawaru
  7993 | Lair:1   | HP: 17/68 [death yak (11)]
  7995 | Lair:1   | Killed a death yak
  7996 | Lair:1   | Reached skill level 6 in Invocations
  8366 | Lair:1   | 8366 ||| SWAPPING to +0 broad axe.
  8367 | Lair:1   | 8367 ||| DROPPING +2 heavy war axe.
  8473 | Lair:1   | Found a runed translucent gate.
  8473 | Lair:1   | Found a runed translucent gate.
  8477 | Lair:1   | Found a runed translucent gate.
  8478 | Lair:1   | Noticed Bukhlaj's ghost (journeyman HOFi)
  8478 | Lair:1   | Noticed qw's ghost (journeyman GrFi)
  8478 | Lair:1   | Noticed qw's ghost (journeyman GrFi)
  8512 | Lair:1   | 8512 ||| Stepping ~*~*~tactically~*~*~ (hiding).
  8513 | Lair:1   | 8513 ||| Stepping ~*~*~tactically~*~*~ (hiding).
  8650 | Lair:1   | 8650 ||| UPGRADING to +5 ring of evasion.
  8651 | Lair:1   | 8651 ||| UPGRADING to ring of protection from fire.
  8653 | Lair:1   | 8653 ||| DRINKING 3 dark potions.
  8654 | Lair:1   | 8654 ||| DROPPING 2 potions of flight.
  8698 | Lair:2   | Noticed a four-headed hydra
  8699 | Lair:2   | 8699 ||| Stepping ~*~*~tactically~*~*~ (stealth).
  8701 | Lair:2   | 8701 ||| Stepping ~*~*~tactically~*~*~ (stealth).
  8736 | Lair:2   | Found a one-way gate to the infinite horrors of the Abyss.
  8736 | Lair:2   | Found a corrupted altar of Lugonu.
  8783 | Lair:2   | 8783 ||| Stepping ~*~*~tactically~*~*~ (stealth).
  8807 | Lair:2   | 8807 ||| Stepping ~*~*~tactically~*~*~ (stealth).
  8830 | Lair:2   | 8830 ||| INVOKING Heroism.
  8854 | Lair:2   | Reached ***** piety under Okawaru
  8919 | Lair:2   | Noticed a catoblepas
  8920 | Lair:2   | 8920 ||| INVOKING Heroism.
  8921 | Lair:2   | 8921 ||| INVOKING Finesse.
  8932 | Lair:2   | Killed a catoblepas
  8933 | Lair:2   | Reached skill level 11 in Axes
  8949 | Lair:2   | 8949 ||| Stepping ~*~*~tactically~*~*~ (stealth).
  8950 | Lair:2   | 8950 ||| Stepping ~*~*~tactically~*~*~ (stealth).
  9183 | Lair:2   | Noticed an eight-headed hydra
  9184 | Lair:2   | 9184 ||| INVOKING Heroism.
  9191 | Lair:2   | 9191 ||| SWAPPING to +0 morningstar.
  9200 | Lair:2   | Killed an eight-headed hydra
  9201 | Lair:2   | Reached XP level 12. HP: 32/73 MP: 16/18
  9201 | Lair:2   | 9201 ||| SWAPPING to +0 broad axe.
  9278 | Lair:2   | 9278 ||| FLEEEEING.
  9283 | Lair:2   | 9283 ||| STAIRDANCE
  9360 | Lair:1   | 9360 ||| READING scroll labelled PUMOXZE IBRO.
  9361 | Lair:1   | 9361 ||| DRINKING 3 red potions.
  9565 | Lair:2   | 9565 ||| INVOKING Heroism.
  9570 | Lair:2   | 9570 ||| SWAPPING to +0 morningstar.
  9578 | Lair:2   | Killed a four-headed hydra
  9579 | Lair:2   | 9579 ||| SWAPPING to +0 broad axe.
  9622 | Lair:2   | 9622 ||| INVOKING Heroism.
  9703 | Lair:2   | 9703 ||| INVOKING Heroism.
  9774 | Lair:2   | 9774 ||| Stepping ~*~*~tactically~*~*~ (stealth).
  9775 | Lair:2   | 9775 ||| Stepping ~*~*~tactically~*~*~ (stealth).
  9778 | Lair:2   | 9778 ||| Stepping ~*~*~tactically~*~*~ (stealth).
  9795 | Lair:2   | Received a gift from Okawaru
  9895 | Lair:2   | Found a hole to the Spider Nest.
  9905 | Lair:2   | 9905 ||| INVOKING Heroism.
 10213 | Lair:2   | Noticed a boulder beetle
 10214 | Lair:2   | 10214 ||| INVOKING Heroism.
 10234 | Lair:2   | Killed a boulder beetle
 10235 | Lair:2   | Reached skill level 9 in Invocations
 10493 | Lair:2   | 10493 ||| READING 2 scrolls of identify.
 10493 | Lair:2   | 10493 ||| IDENTIFYING smoky puce potion
 10529 | Lair:3   | Noticed a death yak
 10530 | Lair:3   | 10530 ||| INVOKING Heroism.
 10530 | Lair:3   | Noticed a death yak
 10532 | Lair:3   | Noticed a death yak
 10534 | Lair:3   | Noticed a death yak
 10535 | Lair:3   | Noticed a death yak
 10537 | Lair:3   | Noticed a death yak
 10542 | Lair:3   | Killed a death yak
 10543 | Lair:3   | Reached skill level 9 in Fighting
 10548 | Lair:3   | Killed a death yak
 10557 | Lair:3   | Killed a death yak
 10558 | Lair:3   | 10558 ||| INVOKING Finesse.
 10559 | Lair:3   | 10559 ||| INVOKING Heroism.
 10559 | Lair:3   | HP: 12/76 [death yak (11)]
 10560 | Lair:3   | 10560 ||| READING scroll of teleportation.
 10561 | Lair:3   | 10561 ||| DRINKING 2 potions of heal wounds.
 10566 | Lair:3   | Killed a death yak
 10753 | Lair:3   | Found a staircase to the Shoals.
 10767 | Lair:3   | 10767 ||| INVOKING Heroism.
 10768 | Lair:3   | 10768 ||| INVOKING Finesse.
 10782 | Lair:3   | Killed a death yak
 10793 | Lair:3   | Killed a death yak
 10906 | Lair:3   | 10906 ||| READING scroll of brand weapon.
 10906 | Lair:3   | 10906 ||| BRANDING +0 broad axe.
 10907 | Lair:3   | 10907 ||| DROPPING +0 morningstar.
 10949 | Lair:3   | 10949 ||| INVOKING Heroism.
 11273 | Lair:3   | 11273 ||| INVOKING Heroism.
 11536 | Lair:4   | 11536 ||| Stepping ~*~*~tactically~*~*~ (hiding).
 11537 | Lair:4   | 11537 ||| Stepping ~*~*~tactically~*~*~ (hiding).
 11537 | Lair:4   | Noticed a skyshark
 11542 | Lair:4   | Reached skill level 12 in Axes
 11549 | Lair:4   | Killed a skyshark
 11570 | Lair:4   | Noticed a skyshark
 11582 | Lair:4   | 11582 ||| INVOKING Heroism.
 11585 | Lair:4   | Killed a skyshark
 11590 | Lair:4   | Reached skill level 9 in Armour
 11590 | Lair:4   | Noticed Rupert
 11591 | Lair:4   | 11591 ||| INVOKING Finesse.
 11592 | Lair:4   | 11592 ||| DRINKING 10 potions of curing.
 11592 | Lair:4   | 11592 ||| (to cure confusion)
 11602 | Lair:4   | Reached XP level 13. HP: 71/80 MP: 14/20
 11612 | Lair:4   | Paralysed by Rupert for 3 turns
 11620 | Lair:4   | Killed Rupert
 11627 | Lair:4   | Noticed Josephine
 11640 | Lair:4   | Killed Josephine
 11890 | Lair:4   | 11890 ||| Stepping ~*~*~tactically~*~*~ (stealth).
 12360 | Lair:4   | 12360 ||| DROPPING ring of fire.
 12381 | Lair:5   | Entered Level 5 of the Lair of Beasts
 12387 | Lair:5   | 12387 ||| STAIRDANCE
 12463 | Lair:5   | 12463 ||| Stepping ~*~*~tactically~*~*~ (stealth).
 12480 | Lair:5   | 12480 ||| FLEEEEING.
 12481 | Lair:5   | 12481 ||| STAIRDANCE
 12547 | Lair:5   | 12547 ||| STAIRDANCE
 12645 | Lair:5   | Found a viscous altar of Jiyva.
 12646 | Lair:5   | 12646 ||| INVOKING Heroism.
 12647 | Lair:5   | 12647 ||| INVOKING Finesse.
 12649 | Lair:5   | Found a staircase to the Slime Pits.
 12714 | Lair:5   | 12714 ||| INVOKING Heroism.
 12751 | Lair:5   | 12751 ||| Stepping ~*~*~tactically~*~*~ (hiding).
 12763 | Lair:5   | 12763 ||| Stepping ~*~*~tactically~*~*~ (stealth).
 12766 | Lair:5   | 12766 ||| Stepping ~*~*~tactically~*~*~ (stealth).
 12781 | Lair:5   | 12781 ||| INVOKING Heroism.
 12796 | Lair:5   | 12796 ||| INVOKING Heroism.
 12853 | Lair:5   | 12853 ||| INVOKING Heroism.
 12854 | Lair:5   | 12854 ||| INVOKING Finesse.
 12869 | Lair:5   | Reached skill level 13 in Axes
 12889 | Lair:5   | Received a gift from Okawaru
 12963 | Lair:5   | 12963 ||| INVOKING Heroism.
 13032 | Lair:5   | Identified the +6 battleaxe of Integrity {flame, Str+4}
                  | (Okawaru gifted it to you on level 5 of the Lair of Beasts)
 13032 | Lair:5   | Received a gift from Okawaru
 13067 | Lair:5   | 13067 ||| INVOKING Heroism.
 13199 | Lair:5   | Reached skill level 3 in Throwing
 13219 | Lair:5   | 13219 ||| Stepping ~*~*~tactically~*~*~ (hiding).
 13223 | Lair:5   | 13223 ||| INVOKING Heroism.
 13248 | Lair:5   | 13248 ||| Stepping ~*~*~tactically~*~*~ (stealth).
 13306 | Lair:5   | 13306 ||| Stepping ~*~*~tactically~*~*~ (stealth).
 13309 | Lair:5   | 13309 ||| Stepping ~*~*~tactically~*~*~ (stealth).
 13314 | Lair:5   | 13314 ||| Stepping ~*~*~tactically~*~*~ (stealth).
 13317 | Lair:5   | 13317 ||| INVOKING Heroism.
 13320 | Lair:5   | Gained mutation: Your large and strong wings let you fly.
                  | [Gargoyle growth]
 13320 | Lair:5   | Reached XP level 14. HP: 85/88 MP: 18/21
 13320 | Lair:5   | 13320 ||| Stepping ~*~*~tactically~*~*~ (hiding).
 13321 | Lair:5   | 13321 ||| Stepping ~*~*~tactically~*~*~ (hiding).
 13328 | Lair:5   | Reached skill level 14 in Axes
 13403 | Lair:5   | 13403 ||| Stepping ~*~*~tactically~*~*~ (stealth).
 13439 | Lair:5   | 13439 ||| FLEEEEING.
 13440 | Lair:5   | 13440 ||| FLEEEEING.
 13595 | Lair:5   | 13595 ||| Stepping ~*~*~tactically~*~*~ (stealth).
 13608 | Lair:5   | 13608 ||| INVOKING Heroism.
 13747 | Lair:5   | Received a gift from Okawaru
 13787 | Lair:5   | 13787 ||| READING scroll of enchant armour.
 13787 | Lair:5   | 13787 ||| ENCHANTING +0 pair of gloves.
 13897 | Lair:5   | 13897 ||| Stepping ~*~*~tactically~*~*~ (stealth).
 13907 | Lair:5   | Received a gift from Okawaru
 14040 | Lair:5   | 14040 ||| Stepping ~*~*~tactically~*~*~ (stealth).
 14058 | Lair:5   | 14058 ||| INVOKING Heroism.
 14062 | Lair:5   | Reached skill level 12 in Shields
 14078 | Lair:5   | 14078 ||| Stepping ~*~*~tactically~*~*~ (stealth).
 14313 | Lair:5   | Found a corrupted altar of Lugonu.
 14551 | Lair:5   | 14551 ||| Stepping ~*~*~tactically~*~*~ (stealth).
 14597 | Lair:5   | 14597 ||| PLANNING D:1-11
 14597 | Lair:5   | 14597 ||| DRINKING 3 metallic red potions.
 14598 | Lair:5   | 14598 ||| DROPPING 2 potions of brilliance.
 14758 | D:9      | Noticed Prince Ribbit
 14774 | D:9      | Killed Prince Ribbit
 14774 | D:9      | Received a gift from Okawaru
 14822 | D:9      | Noticed Grum
 14823 | D:9      | 14823 ||| INVOKING Heroism.
 14824 | D:9      | 14824 ||| INVOKING Finesse.
 14832 | D:9      | Killed Grum
 15031 | D:9      | 15031 ||| Stepping ~*~*~tactically~*~*~ (stealth).
 15810 | D:9      | 15810 ||| DROPPING +6 ring of intelligence.
 15811 | D:9      | 15811 ||| READING 4 scrolls of identify.
 15811 | D:9      | 15811 ||| IDENTIFYING clear potion
 15831 | D:10     | Entered Level 10 of the Dungeon
 15989 | D:10     | 15989 ||| Stepping ~*~*~tactically~*~*~ (hiding).
 16212 | D:10     | 16212 ||| Stepping ~*~*~tactically~*~*~ (hiding).
 16214 | D:10     | 16214 ||| Stepping ~*~*~tactically~*~*~ (hiding).
 16343 | D:10     | 16343 ||| DRINKING 9 potions of curing.
 16343 | D:10     | 16343 ||| (to cure confusion)
 16526 | D:11     | 16526 ||| PLANNING GAUNTLET
 16526 | D:11     | 16526 ||| Stepping ~*~*~tactically~*~*~ (hiding).
 16527 | D:11     | 16527 ||| Stepping ~*~*~tactically~*~*~ (stealth).
 16683 | D:11     | 16683 ||| INVOKING Heroism.
 16684 | D:11     | 16684 ||| INVOKING Finesse.
 16687 | D:11     | 16687 ||| Stepping ~*~*~tactically~*~*~ (hiding).
 16988 | D:11     | 16988 ||| RIP GAUNTLET
 17018 | D:11     | 17018 ||| PLANNING D:1-11
 17066 | D:11     | 17066 ||| READING scroll of enchant armour.
 17066 | D:11     | 17066 ||| ENCHANTING +1 pair of gloves.
 17095 | D:11     | Found a runed translucent door.
 17095 | D:11     | Noticed qw's ghost (journeyman GrFi)
 17159 | D:11     | Noticed Urug
 17160 | D:11     | 17160 ||| INVOKING Heroism.
 17161 | D:11     | 17161 ||| INVOKING Finesse.
 17169 | D:11     | Killed Urug
 17170 | D:11     | Reached skill level 15 in Axes
 17335 | D:11     | Identified the +1 robe of the Tired Hosts {rC++ rCorr Dex+3
                  | SInv}
 17452 | D:11     | 17452 ||| PLANNING D
 17537 | D:12     | 17537 ||| Stepping ~*~*~tactically~*~*~ (stealth).
 17543 | D:12     | 17543 ||| INVOKING Heroism.
 17546 | D:12     | 17546 ||| READING scroll of teleportation.
 17580 | D:12     | Received a gift from Okawaru
 17607 | D:12     | Found a staircase to the Orcish Mines.
 17688 | D:12     | 17688 ||| READING scroll of enchant weapon.
 17688 | D:12     | 17688 ||| ENCHANTING +0 broad axe of flaming.
 17725 | D:12     | 17725 ||| INVOKING Heroism.
 17741 | D:12     | 17741 ||| Stepping ~*~*~tactically~*~*~ (hiding).
 17931 | D:12     | 17931 ||| Stepping ~*~*~tactically~*~*~ (stealth).
 17935 | D:12     | 17935 ||| READING 3 scrolls of brand weapon.
 17935 | D:12     | 17935 ||| BRANDING +1 broad axe of flaming.
 17936 | D:12     | 17936 ||| READING 2 scrolls of brand weapon.
 17936 | D:12     | 17936 ||| BRANDING +1 heavy broad axe.
 17937 | D:12     | 17937 ||| READING scroll of brand weapon.
 17937 | D:12     | 17937 ||| BRANDING +1 broad axe of venom.
 17961 | D:12     | 17961 ||| DROPPING +0 club.
 17962 | D:12     | 17962 ||| DROPPING +0 mace.
 17974 | D:12     | Identified the +9 short sword of the Whale {freeze, *Slow
                  | rN+ Dex+2 Stlth+}
 18160 | D:12     | Found a portal to a secret trove of treasure.
 18295 | D:12     | 18295 ||| Stepping ~*~*~tactically~*~*~ (hiding).
 18309 | D:12     | 18309 ||| Stepping ~*~*~tactically~*~*~ (hiding).
 18388 | D:12     | 18388 ||| INVOKING Heroism.
 18389 | D:12     | 18389 ||| INVOKING Finesse.
 18466 | D:12     | 18466 ||| Stepping ~*~*~tactically~*~*~ (hiding).
 18468 | D:12     | 18468 ||| Stepping ~*~*~tactically~*~*~ (hiding).
 18469 | D:12     | 18469 ||| Stepping ~*~*~tactically~*~*~ (hiding).
 18470 | D:12     | 18470 ||| Stepping ~*~*~tactically~*~*~ (hiding).
 18471 | D:12     | 18471 ||| Stepping ~*~*~tactically~*~*~ (hiding).
 18472 | D:12     | 18472 ||| Stepping ~*~*~tactically~*~*~ (hiding).
 18780 | D:13     | 18780 ||| INVOKING Heroism.
 18878 | D:13     | Noticed Sonja
 18886 | D:13     | Killed Sonja
 18929 | D:13     | 18929 ||| Stepping ~*~*~tactically~*~*~ (hiding).
 18930 | D:13     | 18930 ||| INVOKING Heroism.
 18975 | D:13     | 18975 ||| Stepping ~*~*~tactically~*~*~ (hiding).
 18976 | D:13     | 18976 ||| Stepping ~*~*~tactically~*~*~ (hiding).
 18977 | D:13     | 18977 ||| Stepping ~*~*~tactically~*~*~ (hiding).
 18977 | D:13     | Noticed Kirke
 18978 | D:13     | 18978 ||| Stepping ~*~*~tactically~*~*~ (hiding).
 18979 | D:13     | 18979 ||| INVOKING Heroism.
 18981 | D:13     | 18981 ||| Stepping ~*~*~tactically~*~*~ (stealth).
 18987 | D:13     | Reached XP level 15. HP: 79/96 MP: 20/22
 19003 | D:13     | 19003 ||| DRINKING potion of cancellation.
 19006 | D:13     | Killed Kirke
 19007 | D:13     | Reached skill level 12 in Fighting
 19158 | D:13     | 19158 ||| Stepping ~*~*~tactically~*~*~ (stealth).
 19161 | D:13     | 19161 ||| INVOKING Heroism.
 19171 | D:13     | Slain by an enormous slime creature

Levels and vault maps discovered:
D:1:      matt_arrival_diagonals, layout_loops_ring
D:2:      layout_loops_ring, basic_altar
D:3:      layout_basic, serial_shops, nicolae_shop_behind_doors,
          dreamdust_ecumenical_altar_drowned_temple, corexii_hall_statues_l
D:4:      layout_loops_ring, serial_shops, nicolae_lakefront_shop,
          uniq_blork_the_orc
D:5:      layout_basic, minmay_temple_entry_large_hall, uniq_ijyb, uniq_grinder
D:6:      minmay_angry_zag, layout_cave_pools, gammafunk_temple_overflow_arena,
          uniq_sigmund
D:7:      layout_basic, serial_shops, nicolae_shop_tiny_waterfront, uniq_pikel,
          uniq_menkaure
D:8:      layout_basic, david_lair_shrubbed, serial_shops,
          nicolae_shop_hallway_plus, nicolae_shop_tiny_statue_garden,
          nicolae_shop_peninsula
D:9:      layout_layer_cave, uniq_prince_ribbit1, uniq_grum
D:10:     layout_roguey
D:11:     layout_loops_cross, ebering_ghost_inner_flame, serial_bayou,
          serial_bayou_ford_a, serial_bayou_shore_b, serial_bayou_crossing,
          serial_bayou_pond_b, gauntlet_entry_generic, uniq_urug
D:12:     layout_long_grid, erik_orc_4, nicolae_trove_entry_path_of_doom,
          minivault_8
D:13:     layout_rooms, uniq_sonja, uniq_kirke, uniq_azrael
Temple:   mainiacjoe_temple_trianglar_array
Lair:1:   layout_cave_shapes, gammafunk_ghost_cemetery, fungi_pond_lemuel,
          serial_bayou_shore_a
Lair:2:   layout_small_grid, spider_nest_entry_funnel_web, serial_bayou_pond_a,
          amcnicky_altar_lugonu_corruption
Lair:3:   layout_concentric_octagons, shoals_dummy_entry, serial_bayou_shore_b,
          lemuel_fruit_fields
Lair:4:   layout_long_grid, beast_lair_carwin_7, uniq_josephine, uniq_rupert
Lair:5:   hellmonk_lair_end_abyssal_woods, layout_regular_city,
          minmay_slime_entry_oklob_enclosed, infiniplex_staircase_pool_2

Skill      XL: |  1  2  3  4  5  6  7  8  9 10 11 12 13 14 15 |
---------------+----------------------------------------------+-----
Axes           | 2 3 4 5 6 7 8 9 11 12 13 15 | 15.0
Fighting       | 4 5 6 7 8 9 10 11 12 | 12.1
Dodging        | 1 2 |  2.0
Shields        | 4 6 7 8 10 11 12 | 12.1
Armour         | 5 6 7 9 10 11 | 11.0
Throwing       | 2 3 5 |  5.0
Invocations    | 4 8 10 | 10.0

Action                     |  1- 3 |  4- 6 |  7- 9 | 10-12 | 13-15 || total
---------------------------+-------+-------+-------+-------+-------++-------
  Melee: War axe           |    49 |    93 |   222 |   101 |       ||   465
         Broad axe         |       |       |       |   214 |   834 ||  1048
         Morningstar       |       |       |       |    17 |       ||    17
  Throw: Boomerang         |     2 |    41 |    53 |    61 |    33 ||   190
         Javelin           |       |       |       |       |    76 ||    76
 Invoke: Heroism           |       |       |     6 |    24 |    21 ||    51
         Finesse           |       |       |       |     4 |     6 ||    10
    Use: Scroll            |     3 |     2 |     9 |     7 |     8 ||    29
         Potion            |     1 |       |     4 |     4 |     3 ||    12
   Stab: Invisible         |       |       |     1 |       |       ||     1
         Distracted        |       |       |     1 |       |       ||     1
 Armour: Scale mail        |    27 |    48 |    50 |       |       ||   125
         Plate armour      |       |       |    97 |   201 |   274 ||   572
         Chain mail        |       |       |    19 |       |       ||    19
  Dodge: Dodged            |    31 |    59 |    88 |   132 |   267 ||   577
  Block: Buckler           |    14 |    23 |       |       |       ||    37
         Kite shield       |       |    11 |   219 |   326 |   633 ||  1189
         Reflection        |       |       |     1 |     3 |     9 ||    13
         Other             |       |       |       |       |     1 ||     1

Table legend:
 A = Non-vault XP
 B = Vault XP
 C = Vault XP percentage of total XP
 D = Non-vault monster count
 E = Vault monster count
 F = Vault count percentage of total count
                 A         B        C        D         E       F
            +---------+---------+-------+---------+---------+-------
      Total |   61110 |   28735 |  32.0 |     353 |     109 |  23.6
            +---------+---------+-------+---------+---------+-------
        D:1 |      63 |       0 |   0.0 |      17 |       0 |   0.0
        D:2 |      84 |       0 |   0.0 |      24 |       0 |   0.0
        D:3 |     293 |       1 |   0.3 |      21 |       1 |   4.5
        D:4 |     558 |      90 |  13.9 |      21 |       1 |   4.5
        D:5 |     443 |     336 |  43.1 |      12 |       2 |  14.3
        D:6 |     633 |     594 |  48.4 |      25 |       7 |  21.9
        D:7 |     582 |     857 |  59.6 |      12 |       2 |  14.3
        D:8 |     480 |     333 |  41.0 |      13 |       1 |   7.1
        D:9 |    2174 |     915 |  29.6 |      18 |       6 |  25.0
       D:10 |    1127 |       0 |   0.0 |       7 |       0 |   0.0
       D:11 |    4065 |    1505 |  27.0 |      19 |       4 |  17.4
       D:12 |    4908 |    2533 |  34.0 |      27 |      20 |  42.6
       D:13 |    2965 |    3403 |  53.4 |      14 |       8 |  36.4
     Lair:1 |   10771 |       0 |   0.0 |      42 |       0 |   0.0
     Lair:2 |    5821 |     796 |  12.0 |      17 |       4 |  19.0
     Lair:3 |    6123 |       0 |   0.0 |      11 |       0 |   0.0
     Lair:4 |    4078 |    4922 |  54.7 |      11 |      11 |  50.0
     Lair:5 |   15942 |   12450 |  43.9 |      42 |      42 |  50.0
            +---------+---------+-------+---------+---------+-------
